 Dungeon Crawl Stone Soup version 0.31-a0-574-g69dc8cc98e (webtiles) character file.

Game seed: 30881367509256390

4326 Xavori the Covert (level 10, -4/68 HPs)
             Began as an Octopode Chaos Knight on Aug 18, 2023.
             Was a Plaything of Xom.
             Slain by a salamander (8 damage)
             ... on level 9 of the Dungeon.
             The game lasted 00:09:25 (21704 turns).

Xavori the Covert (Octopode Chaos Knight)          Turns: 21704, Time: 00:09:25

Health: -4/68      AC:  2    Str: 10    XL:     10   Next: 33%
Magic:  10/10      EV: 15    Int: 17    God:    Xom [..*...]
Gold:   322        SH:  4    Dex: 15    Spells: 9/9 levels left

rFire   . . .        s - +4 rapier of Autumn {chaos, Will++ Int-2}
rCold   + . .        (no shield)
rNeg    + . .        (helmet restricted)
rPois   .            t - amulet of regeneration
rElec   +            r - ring of positive energy
rCorr   .            (no ring)
SInv    .            (no ring)
Will    ++...        (no ring)
Stlth   +++++        (no ring)
HPRegen 1.11/turn    (no ring)
MPRegen 0.12/turn    (no ring)
                     (no ring)

%: clarity
@: attractive
A: almost no armour, amphibious, 8 rings, camouflage 1, gelatinous body 1,
(nimble swimmer 1), tentacles, antennae 1, tentacle spike 1, large bone plates
1, clarity, clever 1, cold resistance 1, shaggy fur 1, electricity resistance,
wild magic 1, MP-powered wands
a: Renounce Religion


You were on level 9 of the Dungeon.
You worshipped Xom.
You were a toy of Xom.
You visited 1 branch of the dungeon, and saw 9 of its levels.

You collected 540 gold pieces.
You spent 218 gold pieces at shops.

Inventory:

Hand Weapons
 i - the +4 dagger of Xavori's Destruction {heavy, rC+++ Will- Str+8 Dex-2}
   (Xom gifted it to you on level 1 of the Dungeon)

   Str+8:     It affects your strength (+8).
   Dex-2:     It affects your dexterity (-2).
   rC+++:     It renders you almost immune to cold.
   Will-:     It decreases your willpower.
 s - the +4 rapier of Autumn (weapon) {chaos, Will++ Int-2}
   (Xom gifted it to you on level 3 of the Dungeon)

   Int-2:     It affects your intelligence (-2).
   Will++:    It greatly increases your willpower.
 y - a +5 dagger of electrocution
Missiles
 o - a throwing net
Jewellery
 r - a ring of positive energy (left tentacle)
 t - an amulet of regeneration (around mantle)
Talismans
 m - a maw talisman
Wands
 a - a wand of flame (25)
 d - a wand of acid (7)
 h - a wand of polymorph (19)
 B - a wand of iceblast (3)
 C - a wand of mindburst (3)
Scrolls
 b - a scroll of butterflies
 c - a scroll of brand weapon
 f - a scroll of fear
 j - 4 scrolls of enchant weapon
 p - a scroll of teleportation {unknown}
 u - a scroll of noise {unknown}
 v - 3 scrolls of revelation
 w - a scroll of vulnerability {unknown}
 A - a scroll of summoning
Potions
 e - a potion of invisibility {unknown}
 g - 2 potions of heal wounds {unknown}
 k - a potion of cancellation
 l - 2 potions of lignification
 q - a potion of attraction
 x - a potion of mutation {unknown}
 z - a potion of brilliance {unknown}


   Skills:
 + Level 6.1 Fighting
 + Level 8.5 Short Blades
 + Level 5.5 Dodging
 + Level 9.6 Stealth
 + Level 3.0 Shields
 * Level 4.7 Evocations
 * Level 3.6 Shapeshifting


You had 9 spell levels left.
You didn't know any spells.
Your spell library contained the following spells:

 Spells                   Type           Power      Damage    Failure   Level
 Freeze                   Ice            0%         1d3       32%         1
 Necrotise                Necr           0%         1d4       32%         1
 Sting                    Tmut/Pois      0%         1d3       32%         1
 Poisonous Vapours        Pois/Air       0%         N/A       43%         2
 Frozen Ramparts          Ice            0%         1d1       65%         3
 Hailstorm                Conj/Ice       0%         3d3       65%         3
 Vampiric Draining        Necr           0%         2d6       65%         3
 Olgreb's Toxic Radiance  Pois           0%         N/A       96%         4
 Agony                    Necr           0%         N/A       100%        5


Dungeon Overview and Level Annotations

Branches:
Dungeon (9/15)             Temple (0/1) D:4
   Lair: D:8-11         Orc: D:9-12

Altars:
Cheibriados
Dithmenos
Makhleb
Nemelex Xobeh
Okawaru
Qazlal
Ru
Vehumet
Xom
Yredelemnul

Shops:
D:4 *   D:6 **

Annotations:
D:8 2 transporters


Innate Abilities, Weirdness & Mutations

You cannot wear most types of armour.
You are amphibious.
You can wear up to eight rings at the same time.
Your skin changes colour to match your surroundings (Stealth+).
Your rubbery body absorbs attacks. (AC +1, EV +1)
((You are camouflaged when in or above water. (Stealth+)))
You have tentacles for arms and can constrict up to eight enemies at once.
You have a pair of small antennae on your head.
One of your tentacles bears a spike.
You are partially covered in large bone plates. (SH +4)
You possess an exceptional clarity of mind.
Your mind is acute. (Int +4, Str/Dex -1)
Your flesh is cold resistant. (rC+)
You are covered in fur. (AC +1)
You are resistant to electric shocks. (rElec)
Your spells are a little harder to cast, but a little more powerful.
You expend magic power (3 MP) to strengthen your wands.


Message History

The yak is heavily wounded.
The yak gores you!
You hit the yak. You drain the yak.
Your tentacle spike misses the yak.
Your squeeze misses the yak.
The yak is severely wounded.
The yak gores you!
You hit the yak.
You pierce the yak, but do no damage.
You squeeze the yak, but do no damage.
The yak is severely wounded.
The yak gores you!
You hit the yak.
The yak is poisoned.
The yak is almost dead.
The yak gores you. The yak gores you.
* * * LOW HITPOINT WARNING * * *
The yak puts on a burst of speed as it pursues you!
The yak gores you.
* * * LOW HITPOINT WARNING * * *
You block the yak's attack. "This might be better!"
The yak evaporates and reforms as a salamander!
There is an open door here.
Xom decides to shift things around a little.
The yak blinks! x2
You are now a toy of Xom.
You feel better.
The salamander hits you but does no damage.
It was a potion of attraction.
You feel attractive to monsters.
Xom thinks this is hilarious!
The salamander hits you!
* * * LOW HITPOINT WARNING * * *
You are engulfed in flames!
* * * LOW HITPOINT WARNING * * *
Unknown command.
You feel better. The salamander hits you!
* * * LOW HITPOINT WARNING * * *
You are engulfed in flames!
You die...
Xom laughs nastily!

+.# #.## ########### #.# #.#
#.......... ..# ###'##########
#...Y...... ..#
#.........>.§###..........
..######...........§'§#....Y.....
..'....'............#.#..........
..######........YY..#.....Y......
..# ##########N#####..........
..# #.@.# ######.#### ### ##.###
# .# ## #..# .# ####'###### '####
#.........# ....# ###.........#
....# ###.'.........# ....#
#...#.........#
....###.###(........+


You could see a salamander and a yak.

Vanquished Creatures
  Maurice (D:8)
  A gargoyle (D:8)
  Maggie (D:8)
  Sigmund (D:4)
  A wyvern (D:9)
  2 yaks (D:9)
  2 steam dragons
  A black bear (D:5)
  4 sky beasts
  2 centaurs
  3 kobold brigands
  A phantom (D:3)
  2 gnoll sergeants (D:9)
  4 bullfrogs
  4 scorpions
  A hound (D:5)
  A gnoll bouda (D:8)
  4 orc priests
  5 jellies
  A sleepcap (D:6)
  6 orc wizards
  6 iguanas
  Robin (D:4)
  10 adders
  15 gnolls
  A shadow imp (D:5)
  A white imp (D:7)
  2 ufetubi (D:5)
  3 worms
  The ghost of deremet the Covert, a weakling GnDe (D:3)
  The ghost of SoEpicPie the Sneak, a weakling DrDe (D:5)
  5 dart slugs
  21 orcs
  5 bats
  7 endoplasms
  5 giant cockroaches
  16 goblins
  8 hobgoblins
  6 jackals
  36 kobolds
  2 quokkas
  9 ball pythons
  2 frilled lizards (D:1)
  6 rats
217 creatures vanquished.

Vanquished Creatures (collateral kills)
  A kobold (D:7)
1 creature vanquished.

Grand Total: 218 creatures vanquished

Notes
Turn   | Place    | Note
-------+----------+-------------------------------------------
     0 | D:1      | Xavori the Octopode Chaos Knight began the quest for the
                  | Orb.
     0 | D:1      | Reached XP level 1. HP: 16/16 MP: 1/1
   138 | D:1      | Reached XP level 2. HP: 6/21 MP: 2/2
   138 | D:1      | XOM: divination: detect items
   144 | D:1      | HP: 1/21 [jackal (2)]
   258 | D:1      | XOM: cloud trail
   352 | D:1      | XOM: silly message
   373 | D:1      | XOM: noise
   383 | D:1      | XOM: divination: detect items
   529 | D:1      | XOM: 4-stop teleportation journey
   854 | D:1      | XOM: silly message
   898 | D:2      | XOM: noise
   916 | D:2      | Reached XP level 3. HP: 3/26 MP: 3/3
  1243 | D:2      | XOM: potion effect (attraction)
  2038 | D:1      | XOM is BORED!
  2038 | D:1      | XOM: silly message
  2186 | D:1      | XOM: silly message
  2344 | D:1      | XOM is BORED!
  2344 | D:1      | XOM: silly message
  2795 | D:1      | XOM: god gift: 19 gold pieces
  3004 | D:1      | XOM: torment (15/27 hp)
  3394 | D:1      | XOM: divination: detect creatures
  3510 | D:1      | XOM: divination: detect items
  3622 | D:1      | XOM: summons 1 hostile demon
  3655 | D:2      | XOM: 1-stop teleportation journey
  3660 | D:2      | Identified the +2 robe "Zefa" {rF+ Str+3}
  3700 | D:2      | Reached XP level 4. HP: 19/33 MP: 4/4
  4181 | D:1      | XOM is BORED!
  4181 | D:1      | XOM: silly message
  4722 | D:1      | XOM: give mutations
  4722 | D:1      | Gained mutation: Your flesh is cold resistant. (rC+) [Xom's
                  | mischief]
  4722 | D:1      | Gained mutation: Your spells are a little easier to cast,
                  | but a little less powerful. [Xom's mischief]
  4722 | D:1      | Gained mutation: Your spells are easier to cast, but less
                  | powerful. [Xom's mischief]
  5139 | D:1      | XOM: summons 3 hostile demons
  5317 | D:2      | XOM: noise
  5616 | D:1      | XOM is BORED!
  6103 | D:1      | XOM: stat loss: -1 Dex (12/13)
  6316 | D:1      | XOM: torment (18/33 hp)
  6706 | D:1      | XOM: silly message
  7138 | D:1      | XOM: torment (18/33 hp)
  7547 | D:1      | XOM: noise
  7578 | D:1      | XOM: summons 3 hostile demons
  7579 | D:1      | Noticed a chaos spawn
  8461 | D:1      | XOM: stat loss: -1 Dex (11/13)
  8489 | D:1      | XOM: summons 1 hostile shadow creature
  8519 | D:2      | XOM: noise
  8804 | D:1      | XOM: smoke on damage
  8804 | D:1      | XOM: torment (18/33 hp)
  9106 | D:1      | XOM: god gift: wand of polymorph (3)
  9521 | D:1      | Identified the +4 dagger of Xavori's Destruction {heavy,
                  | rC+++ Will- Str+8 Dex-2} (Xom gifted it to you on level 1
                  | of the Dungeon)
  9521 | D:1      | XOM: god gift: +4 dagger of Xavori's Destruction {heavy,
                  | rC+++ Will- Str+8 Dex-2}
  9774 | D:1      | XOM: give mutation
  9774 | D:1      | Gained mutation: Your mind is acute. (Int +4, Str/Dex -1)
                  | [Xom's grace]
 10003 | D:1      | XOM: scenery: summon butterflies
 10006 | D:2      | Found a shimmering altar of Xom.
 10284 | D:2      | XOM: scenery: summon butterflies
 10289 | D:2      | Reached skill level 1 in Stealth
 10858 | D:2      | XOM: give mutation
 10858 | D:2      | Gained mutation: You possess an exceptional clarity of
                  | mind. [Xom's grace]
 11339 | D:2      | XOM: scenery: create altars
 11820 | D:2      | XOM is BORED!
 11855 | D:2      | XOM: 3-stop teleportation journey
 11902 | D:2      | XOM: cloud trail
 11968 | D:2      | XOM: scenery: summon butterflies
 12014 | D:2      | XOM: god gift: potion of curing
 13332 | D:3      | Found a runed translucent gate.
 13332 | D:3      | Found a runed translucent gate.
 13333 | D:3      | Found a runed translucent gate.
 13343 | D:3      | Noticed deremet's ghost (weakling GnDe)
 13345 | D:3      | XOM: silly message
 13495 | D:3      | Reached skill level 2 in Stealth
 13507 | D:3      | Reached XP level 5. HP: 26/37 MP: 5/5
 13665 | D:3      | Found a stormy altar of Qazlal.
 13778 | D:3      | XOM: divination: magic mapping
 13828 | D:3      | Noticed a phantom
 13840 | D:3      | Killed a phantom
 13841 | D:3      | Reached skill level 3 in Stealth
 14144 | D:3      | XOM: silly message
 14177 | D:3      | Reached skill level 4 in Stealth
 14182 | D:3      | XOM: give mutations
 14182 | D:3      | Gained mutation: You are partially covered in large bone
                  | plates. (SH +4) [Xom's grace]
 14182 | D:3      | Gained mutation: You are agile. (Dex +4, Str/Int -1) [Xom's
                  | grace]
 14182 | D:3      | Gained mutation: You are covered in fur. (AC +1) [Xom's
                  | grace]
 14286 | D:3      | Reached XP level 6. HP: 15/43 MP: 6/6
 14510 | D:3      | Killed deremet's ghost
 14538 | D:3      | XOM: give mutations
 14538 | D:3      | Gained mutation: Your flesh is very cold resistant. (rC++)
                  | [Xom's grace]
 14538 | D:3      | Gained mutation: One of your tentacles bears a spike.
                  | [Xom's grace]
 14802 | D:3      | Identified the +4 rapier of Autumn {flame, Will++ Int-2}
                  | (Xom gifted it to you on level 3 of the Dungeon)
 14802 | D:3      | XOM: god gift: +4 rapier of Autumn {chaos, Will++ Int-2}
 15645 | D:3      | XOM: summons 1 hostile demon
 16210 | D:3      | XOM is BORED!
 16210 | D:3      | XOM: give mutations
 16210 | D:3      | Lost mutation: Your flesh is very cold resistant. (rC++)
                  | [Xom's mischief]
 16210 | D:3      | Lost mutation: You are agile. (Dex +4, Str/Int -1) [Xom's
                  | mischief]
 16210 | D:3      | Lost mutation: Your spells are easier to cast, but less
                  | powerful. [Xom's mischief]
 16210 | D:3      | Gained mutation: You are somewhat resistant to further
                  | mutation. [Xom's mischief]
 16374 | D:3      | XOM: silly message
 17596 | D:3      | XOM: summons 4 hostile demons
 17597 | D:3      | Noticed a ynoxinul
 17597 | D:3      | Noticed an ice devil
 17712 | D:4      | Found Imafaet's CLEARANCE SALE!.
 17718 | D:4      | Noticed Robin
 17738 | D:4      | Killed Robin
 17811 | D:4      | Bought a scroll of identify for 8 gold pieces
 17811 | D:4      | Bought an amulet of regeneration for 120 gold pieces
 17811 | D:4      | Bought a scroll of enchant weapon for 30 gold pieces
 17857 | D:4      | XOM: chaos upgrade
 17876 | D:4      | XOM: scenery: summon butterflies
 17903 | D:4      | Reached skill level 5 in Stealth
 18058 | D:4      | Reached skill level 5 in Short Blades
 18058 | D:4      | Reached XP level 7. HP: 49/49 MP: 7/7
 18103 | D:4      | Noticed Sigmund
 18110 | D:4      | Killed Sigmund
 18111 | D:4      | Reached skill level 1 in Shields
 18117 | D:4      | Found a staircase to the Ecumenical Temple.
 18548 | D:4      | XOM: 1-stop teleportation journey
 18741 | D:5      | Entered Level 5 of the Dungeon
 18774 | D:5      | Noticed SoEpicPie's ghost (weakling DrDe)
 18777 | D:5      | Found a runed translucent door.
 18812 | D:5      | Reached skill level 6 in Stealth
 18857 | D:5      | XOM: give mutations
 18857 | D:5      | Lost mutation: Your spells are a little easier to cast, but
                  | a little less powerful. [Xom's grace]
 18857 | D:5      | Gained mutation: You have a pair of small antennae on your
                  | head. [Xom's grace]
 18857 | D:5      | Lost mutation: You are somewhat resistant to further
                  | mutation. [Xom's grace]
 18857 | D:5      | Gained mutation: You have hidden genetic potential. [Xom's
                  | grace]
 18952 | D:5      | Reached XP level 8. HP: 54/54 MP: 8/8
 19205 | D:5      | Reached skill level 7 in Stealth
 19308 | D:5      | Killed SoEpicPie's ghost
 19463 | D:6      | Found a basalt altar of Yredelemnul.
 19482 | D:6      | Reached skill level 1 in Evocations
 19482 | D:6      | Gained mutation: Your spells are a little harder to cast,
                  | but a little more powerful. [hidden potential]
 19615 | D:6      | Found Cicups's Specific Store.
 19617 | D:6      | Found Woax's General Store.
 19633 | D:6      | Bought a scroll of fear for 60 gold pieces
 19642 | D:6      | XOM: scenery: create altars
 19725 | D:6      | Reached skill level 1 in Shapeshifting
 19725 | D:6      | XOM: give mutation
 19725 | D:6      | Gained mutation: You are resistant to electric shocks.
                  | (rElec) [Xom's grace]
 19768 | D:6      | Found a sparkling altar of Nemelex Xobeh.
 19870 | D:6      | Found a snail-covered altar of Cheibriados.
 19905 | D:6      | Found a radiant altar of Vehumet.
 20078 | D:7      | XOM: fake destruction
 20080 | D:7      | XOM: confuse monster(s)
 20082 | D:7      | XOM: summons friendly shadow imp
 20093 | D:7      | Reached skill level 5 in Fighting
 20127 | D:7      | XOM: cleaving
 20131 | D:7      | XOM: blink monster(s)
 20142 | D:7      | Reached skill level 8 in Stealth
 20142 | D:7      | Reached XP level 9. HP: 57/61 MP: 9/9
 20383 | D:7      | Found a shimmering altar of Xom.
 20475 | D:7      | Found an iron altar of Okawaru.
 20580 | D:8      | Found a transporter.
 20584 | D:8      | Found a transporter.
 20613 | D:8      | XOM: summons 3 hostile demons
 20641 | D:8      | Noticed Maurice
 20645 | D:8      | Killed Maurice
 20656 | D:8      | Gained mutation: You expend magic power (3 MP) to
                  | strengthen your wands. [hidden potential]
 20656 | D:8      | Lost mutation: You have hidden genetic potential. [hidden
                  | potential expressed]
 20658 | D:8      | Noticed Maggie
 20660 | D:8      | Killed Maggie
 20661 | D:8      | Reached skill level 5 in Dodging
 20728 | D:8      | Found a shadowy altar of Dithmenos.
 20734 | D:8      | Found a burning altar of Makhleb.
 20822 | D:8      | Noticed a gargoyle
 20834 | D:8      | Killed a gargoyle
 20835 | D:8      | Reached skill level 9 in Stealth
 20890 | D:8      | XOM: scenery: summon butterflies
 20899 | D:8      | Reached XP level 10. HP: 68/68 MP: 10/10
 20942 | D:8      | Found a sacrificial altar of Ru.
 21269 | D:9      | XOM: blink monster(s)
 21376 | D:9      | XOM: 3-stop teleportation journey
 21496 | D:9      | XOM: scenery: 2 doors open, 1 doors close
 21684 | D:9      | XOM: smoke on damage
 21690 | D:9      | XOM: silly message
 21700 | D:9      | a yak changed into a salamander
 21700 | D:9      | Noticed a salamander
 21700 | D:9      | XOM: polymorph yak -> salamander
 21701 | D:9      | XOM: blink monster(s)
 21703 | D:9      | HP: 3/68 [salamander (15)]
 21704 | D:9      | Slain by a salamander

Illustrated notes

Levels and vault maps discovered:
D:1:      matt_arrival_los_fun, layout_basic, minmay_misc_feat_enclosed
D:2:      layout_rooms, basic_altar, minmay_heptomino_w4
D:3:      layout_basic, mainiacjoe_overflow_cross_hatched, gammafunk_ghost_split
D:4:      kennysheep_kobold_camp, layout_loops_cross,
          minmay_temple_entry_offerings, nicolae_shop_clearance, uniq_robin,
          uniq_sigmund
D:5:      layout_rooms, hellmonk_ghost_happy_afterlife
D:6:      layout_basic, mainiacjoe_overflow_boulevard,
          nemelex_diamond_rough_becter, mainiacjoe_overflow_catch_the_wave,
          serial_rivers, chequers_serial_rivers_small_a,
          chequers_serial_rivers_room_b, chequers_serial_rivers_marsh,
          chequers_serial_rivers_micro_a, chequers_serial_rivers_micro_a,
          nicolae_specific_store
D:7:      layout_rooms, nicolae_overflow_hidden_temple,
          hellmonk_okawaru_the_only_friend_you_need
D:8:      layout_loops_ring, nicolae_ru_the_path_less_chosen,
          mainiacjoe_overflow_large_starburst, gammafunk_ghost_abyssal_escape,
          uniq_maurice, uniq_maggie
D:9:      layout_roguey, minmay_misc_feat_encased, st_stairs_8,
          dreamdust_princess_bridge, grunt_ministairs_6

Skill      XL: |  1  2  3  4  5  6  7  8  9 10 |
---------------+-------------------------------+-----
Stealth        | 2 4 5 6 8 9 |  9.6
Short Blades   | 4 5 6 7 8 |  8.5
Dodging        | 3 4 5 |  5.5
Fighting       | 4 5 6 |  6.1
Shields        | 1 2 3 |  3.0
Evocations     | 2 4 |  4.7
Shapeshifting  | 1 3 |  3.6

Action                     |  1- 3 |  4- 6 |  7- 9 | 10-12 || total
---------------------------+-------+-------+-------+-------++-------
  Melee: Short sword       |    86 |     7 |       |       ||    93
         Constrict         |    21 |    34 |    31 |    23 ||   109
         Tentacles         |    11 |    24 |    48 |    24 ||   107
         Punch             |     1 |     1 |     2 |     5 ||     9
         Dagger            |       |    77 |    17 |       ||    94
         Rapier            |       |    70 |   171 |    99 ||   340
         Kick              |       |    15 |    54 |    37 ||   106
    Use: Potion            |       |     1 |       |     4 ||     5
         Scroll            |       |     2 |     3 |     4 ||     9
   Stab: Sleeping          |     1 |     5 |    19 |     2 ||    27
         Petrifying        |       |       |     1 |       ||     1
         Confused          |       |       |     2 |       ||     2
 Armour: Skin              |     8 |    12 |    10 |     7 ||    37
  Dodge: Dodged            |    63 |    96 |    81 |    88 ||   328
  Block: Other             |       |    16 |    28 |    14 ||    58

Table legend: (Time is in decaauts)
 A = Elapsed time spent in this place.
 B = Non-inter-level travel time spent in this place.
 C = Inter-level travel time spent in this place.
 D = Time resting spent in this place.
 E = Time spent auto-exploring this place.
 F = Levels seen in this place.
 G = Mean time per level.
                   A        B        C        D        E       F      G
               +--------+--------+--------+--------+--------+-----+--------+
         Total |  21658 |  21450 |    208 |  15260 |   4865 |   9 | 2406.4 |
       Dungeon |  21658 |  21450 |    208 |  15260 |   4865 |   9 | 2406.4 |
               +--------+--------+--------+--------+--------+-----+--------+

Top non-repeatable levels by time:
     D:1: 8830 daAuts
     D:2: 4424 daAuts
     D:3: 3926 daAuts
     D:4: 1564 daAuts
     D:6: 715 daAuts
     D:8: 678 daAuts
     D:5: 597 daAuts
     D:7: 482 daAuts
     D:9: 436 daAuts
